 Dungeon Crawl Stone Soup version 0.30-a0-989-g0d87f670db (webtiles) character file.

Game seed: 9810841614965081910

3502 Mesmaeker13 the Grappler (level 10, -6/88 HPs)
             Began as a Ghoul Gladiator on Apr 2, 2023.
             Was a Believer of Dithmenos.
             Mangled by Joseph
             ... wielding a +0 quarterstaff
              (14 damage)
             ... on level 7 of the Dungeon.
             The game lasted 00:12:35 (6832 turns).

Mesmaeker13 the Grappler (Ghoul Gladiator)          Turns: 6832, Time: 00:12:36

Health: -6/88      AC:  9    Str: 19    XL:     10   Next: 7%
Magic:  9/9        EV: 12    Int:  2    God:    Dithmenos [**....]
Gold:   417        SH:  0    Dex: 10    Spells: 9/9 levels left

rFire   + . .      SeeInvis +      - Unarmed
rCold   + . .      Faith    +    (no shield)
rNeg    + + +      Spirit   .    o - +1 ring mail {Will+}
rPois   ∞          Reflect  .    b - +0 helmet
rElec   +          Rampage  .    u - +0 cloak
rCorr   .                        (no gloves)
Will    +....                    h - +0 pair of boots Stlth
                                 G - amulet "Vuplonich" {Faith +Inv rElec Int-5 Slay+6}
HPRegen 0.00/turn                i - ring of protection from fire
MPRegen 0.11/turn                x - ring of see invisible

@: inhibited regen, wreathed by umbra
A: claws 1, cold resistance 1, negative energy resistance 3, inhibited
regeneration, torment resistance 2, devour on kill
a: Renounce Religion, Evoke Invisibility, Shadow Step


You were on level 7 of the Dungeon.
You worshipped Dithmenos.
Dithmenos was pleased with you.
You visited 2 branches of the dungeon, and saw 8 of its levels.
You also visited: Sewer.

You collected 417 gold pieces.

Inventory:

Hand Weapons
 m - a +0 sling
 p - a +0 broad axe
Missiles
 c - 3 throwing nets
 d - a javelin
Armour
 b - a +0 helmet (worn)
 h - a +0 pair of boots (worn)
 o - a +1 ring mail of willpower (worn)
 u - a +0 cloak (worn)
 C - +0 acid dragon scales
Jewellery
 e - a ring of resist corrosion
 i - a ring of protection from fire (left claw)
 r - a ring of protection from cold
 x - a ring of see invisible (right claw)
 A - a ring of protection from fire
 D - a ring of flight
 G - the amulet "Vuplonich" (around neck) {Faith +Inv rElec Int-5 Slay+6}
   (You found it on level 5 of the Dungeon)

   [amulet of faith]

   It allows you to gain divine favour quickly.
   Int:       It affects your intelligence (-5).
   Slay:      It affects your accuracy & damage with ranged weapons and melee
   (+6).
   rElec:     It insulates you from electricity.
   +Inv:      It lets you turn invisible.
Wands
 y - a wand of flame (6) (quivered)
 B - a wand of mindburst (11)
 M - a wand of quicksilver (11)
Scrolls
 a - 2 scrolls of amnesia {unknown}
 f - 2 scrolls of blinking {unknown}
 k - 2 scrolls of fog
 l - 2 scrolls of noise
 n - a scroll of silence
 t - 2 scrolls of poison {unknown}
 v - 3 scrolls of teleportation {unknown}
 w - 3 scrolls of immolation
 E - a scroll of enchant weapon {unknown}
 I - a scroll of magic mapping
 K - a scroll of summoning
 N - a scroll of vulnerability {unknown}
Potions
 g - 2 potions of resistance {unknown}
 j - 3 potions of attraction
 q - a potion of might
 s - a potion of flight {unknown}
 z - 2 potions of curing {unknown}
 F - a potion of ambrosia {unknown}
 H - a potion of haste
 J - a potion of degeneration {unknown}


   Skills:
 + Level 8.0 Fighting
 + Level 6.6 Throwing
 + Level 6.9 Dodging
 + Level 8.4 Unarmed Combat


You had 9 spell levels left.
You didn't know any spells.
Your spell library contained the following spells:

 Spells                   Type           Power      Damage    Failure   Level
 Cigotuvi's Dreadful Rot  Necr/Pois/Air  0%         N/A       86%         2
 Poisonous Vapours        Pois/Air       0%         N/A       86%         2
 Mephitic Cloud           Conj/Pois/Air  0%         N/A       98%         3
 Stone Arrow              Conj/Erth      0%         3d7       98%         3
 Anguish                  Hex/Necr       0%         N/A       100%        4
 Animate Armour           Summ/Erth      0%         N/A       100%        4
 Manifold Assault         Tloc           0%         N/A       100%        4
 Dispersal                Tloc           0%         N/A       100%        6
 Enfeeble                 Hex            0%         N/A       100%        7
 Disjunction              Tloc           0%         N/A       100%        8
 Lehudib's Crystal Spear  Conj/Erth      0%         10d2      100%        8


Dungeon Overview and Level Annotations

Branches:
Dungeon (7/15)             Temple (1/1) D:4           Sewer (visited)

Altars:
Cheibriados
Dithmenos
Fedhas
Gozag
Makhleb
Nemelex Xobeh
Okawaru
Qazlal
Uskayaw
Vehumet
Wu Jian
Xom
Yredelemnul

Shops:
D:4 *   D:6 ((((   D:7 =

Annotations:
D:7 Joseph


Innate Abilities, Weirdness & Mutations

You are immune to poison.
You have sharp fingernails.
Your flesh is cold resistant. (rC+)
You are immune to negative energy. (rN+++)
You do not regenerate when monsters are visible.
You are immune to unholy pain and torment.
You thrive by killing the living.


Message History

You mangle the acid dragon!!
The acid dragon is severely wounded.
The acid dragon bites you but does no damage.
The acid dragon claws you but does no damage.
Unknown command.
The acid dragon attacks as you move away!
The acid dragon misses you. The acid dragon claws you.
You completely miss the acid dragon.
The acid dragon is severely wounded.
Joseph drinks a potion.
Joseph seems to grow stronger.
The acid dragon bites you! The acid dragon barely misses you.
You scratch the acid dragon.
The acid dragon is severely wounded.
You claw the acid dragon!
You kill the acid dragon!
Dithmenos accepts your kill.
Joseph shoots a sling bullet.
The sling bullet hits you.
Your Fighting skill increases to level 8!
Unknown command.
Joseph unwields a +0 sling.
Joseph wields a +0 quarterstaff.
Joseph hits you with a +0 quarterstaff!
You closely miss Joseph. Joseph hits you but does no damage.
You scratch Joseph but do no damage. Joseph closely misses you.
You claw Joseph! Your claw misses Joseph.
Joseph is lightly wounded.
You closely miss Joseph.
Joseph is lightly wounded.
Joseph closely misses you.
You closely miss Joseph. Your claw misses Joseph.
Joseph is lightly wounded.
Joseph hits you with a +0 quarterstaff!!
* * * LOW HITPOINT WARNING * * *
You claw Joseph!
Joseph is moderately wounded.
Joseph hits you with a +0 quarterstaff!
* * * LOW HITPOINT WARNING * * *
You mangle Joseph!!
Joseph is severely wounded.
Joseph hits you with a +0 quarterstaff!
You die...

## #### #. ..# . #.
####.#
..).##.##)...########
......@@..##........#
....##.#####.######.##
. #.<.....#.......#
....######.####..# .##
## #.####..# #.
..##.##....# .
........##.# ..
..##.##.##.# #.......#


You could see Joseph (strong).

Vanquished Creatures
  Pikel (D:4)
  Grinder (D:4)
  Sigmund (D:5)
  A wyvern (D:7)
  2 steam dragons
  An acid dragon (D:7)
  3 ice beasts
  A sky beast (D:7)
  4 ogres
  A centaur (D:6)
  4 lemures (D:5)
  2 phantoms
  Blork the orc (D:4)
  A bullfrog (D:7)
  4 scorpions
  A howler monkey (D:6)
  3 electric eels (D:6)
  A gnoll bouda (D:7)
  3 hounds
  5 jellies
  An orc priest (D:7)
  A sleepcap (D:7)
  3 iguanas
  Ijyb (D:4)
  2 orc wizards
  5 adders
  3 gnolls (D:7)
  4 river rats (Sewer)
  A shadow imp (D:7)
  A white imp (D:6)
  5 dart slugs
  13 orcs
  16 ball pythons
  2 bats (D:1)
  8 endoplasms
  5 giant cockroaches
  4 goblins
  6 hobgoblins
  3 jackals (D:2)
  7 quokkas
  4 frilled lizards
  8 kobolds
  11 rats
155 creatures vanquished.

Notes
Turn   | Place    | Note
-------+----------+-------------------------------------------
     0 | D:1      | Mesmaeker13 the Ghoul Gladiator began the quest for the
                  | Orb.
     0 | D:1      | Reached XP level 1. HP: 17/17 MP: 0/0
   159 | D:1      | Reached XP level 2. HP: 25/25 MP: 1/1
   448 | D:1      | Reached XP level 3. HP: 25/30 MP: 2/2
   880 | D:2      | Found a faded altar of an unknown god.
  1218 | D:3      | Reached XP level 4. HP: 37/37 MP: 3/3
  1224 | D:3      | Found a glowing drain.
  1228 | Sewer    | Entered a sewer
  1765 | Sewer    | Reached XP level 5. HP: 44/45 MP: 4/4
  2579 | D:3      | Found a snail-covered altar of Cheibriados.
  2977 | D:4      | Noticed Grinder
  2978 | D:4      | Paralysed by Grinder for 4 turns
  3001 | D:4      | Killed Grinder
  3002 | D:4      | Reached XP level 6. HP: 39/52 MP: 5/5
  3054 | D:4      | Found Goevafodd's General Store.
  3096 | D:4      | Reached skill level 5 in Unarmed Combat
  3140 | D:4      | Noticed Ijyb
  3150 | D:4      | Killed Ijyb
  3151 | D:4      | Reached XP level 7. HP: 53/60 MP: 6/6
  3193 | D:4      | Found a staircase to the Ecumenical Temple.
  3202 | D:4      | Noticed Blork the orc
  3219 | D:4      | Killed Blork the orc
  3378 | Temple   | Entered the Ecumenical Temple
  3417 | Temple   | Became a worshipper of Dithmenos the Shadowed
  3843 | D:5      | Entered Level 5 of the Dungeon
  4134 | D:5      | Noticed Pikel
  4317 | D:5      | Noticed Sigmund
  4335 | D:5      | Killed Sigmund
  4336 | D:5      | Reached skill level 5 in Fighting
  4336 | D:5      | Reached XP level 8. HP: 43/68 MP: 7/7
  4437 | D:5      | Identified the amulet "Vuplonich" {Faith +Inv rElec Int-5
                  | Slay+6}
  4828 | D:4      | Killed Pikel
  4829 | D:4      | Reached skill level 5 in Throwing
  4829 | D:4      | Reached skill level 5 in Dodging
  5292 | D:6      | Reached XP level 9. HP: 78/78 MP: 8/8
  5329 | D:6      | Found Plog's Antique Weapon Shop.
  5425 | D:6      | Found Meig's Weapon Boutique.
  5625 | D:6      | Found Vinkasch's Antique Weapon Shop.
  5819 | D:6      | Reached * piety under Dithmenos
  5932 | D:6      | Found Luram's Antique Weapon Shoppe.
  6396 | D:7      | Found Ibbuut's Jewellery Emporium.
  6615 | D:7      | Reached XP level 10. HP: 88/88 MP: 9/9
  6696 | D:7      | Reached ** piety under Dithmenos
  6819 | D:7      | Noticed Joseph
  6832 | D:7      | Mangled by Joseph

Illustrated notes

Levels and vault maps discovered:
D:1:      arrival_zaba_pyramid, layout_basic
D:2:      layout_rooms, shapermc_ecumenical_altar_hornbeckon,
          minmay_misc_feat_five, amcnicky_mini_pool_small
D:3:      layout_basic, marbit_many_paths, gup_sewer_entry_bowl
D:4:      layout_basic, minmay_temple_entry_wispy, serial_shops,
          nicolae_shop_hallway_stairs, chequers_serial_rivers_micro_b,
          due_unseen_surprise, uniq_blork_the_orc, uniq_ijyb, uniq_grinder
D:5:      layout_basic, kennysheep_generic_room_8, uniq_pikel, uniq_sigmund
D:6:      layout_basic, serial_shops, nicolae_shop_behind_doors,
          nicolae_shop_waterfront, shop, shop, kennysheep_cross_room
D:7:      layout_loops_cross, serial_shops, nicolae_shop_stone, uniq_joseph
Temple:   nicolae_temple_bog_church

Skill      XL: |  1  2  3  4  5  6  7  8  9 10 |
---------------+-------------------------------+-----
Throwing       | 2 3 4 5 6 |  6.6
Dodging        | 3 4 5 6 |  6.9
Fighting       | 3 4 5 6 7 8 |  8.0
Unarmed Combat | 4 5 7 8 |  8.4

Action                     |  1- 3 |  4- 6 |  7- 9 | 10-12 || total
---------------------------+-------+-------+-------+-------++-------
  Melee: Unarmed           |   126 |   175 |   251 |    16 ||   568
         Punch             |     1 |     5 |     9 |     1 ||    16
  Throw: Throwing net      |       |       |     2 |       ||     2
         Javelin           |       |       |     1 |       ||     1
  Evoke: Wand              |       |     8 |    29 |       ||    37
    Use: Scroll            |       |     5 |     4 |       ||     9
 Armour: Leather armour    |     7 |       |       |       ||     7
         Ring mail         |    41 |    68 |    55 |     5 ||   169
  Dodge: Dodged            |    75 |    81 |   114 |     5 ||   275

Table legend: (Time is in decaauts)
 A = Elapsed time spent in this place.
 B = Non-inter-level travel time spent in this place.
 C = Inter-level travel time spent in this place.
 D = Time resting spent in this place.
 E = Time spent auto-exploring this place.
 F = Levels seen in this place.
 G = Mean time per level.
                   A        B        C        D        E       F      G
               +--------+--------+--------+--------+--------+-----+--------+
         Total |   6837 |   6540 |    297 |    956 |   4172 |   9 |  759.7 |
       Dungeon |   5910 |   5627 |    283 |    528 |   3916 |   7 |  844.3 |
        Temple |     54 |     40 |     14 |      0 |     12 |   1 |   54.0 |
         Sewer |    871 |    871 |      0 |    428 |    244 |   1 |  871.0 |
               +--------+--------+--------+--------+--------+-----+--------+

Top non-repeatable levels by time:
     D:5: 1279 daAuts
     D:4: 1259 daAuts
     D:6: 973 daAuts
   Sewer: 871 daAuts
     D:3: 695 daAuts
     D:1: 687 daAuts
     D:7: 559 daAuts
     D:2: 454 daAuts
  Temple: 54 daAuts
